[Event "Live Chess"]
[Site "Chess.com"]
[Date "2024.06.01"]
[Round "-"]
[White "vincents82"]
[Black "NottheBishopSacrifice"]
[Result "0-1"]
[WhiteElo "2123"]
[BlackElo "2219"]
[TimeControl "300"]
[EndTime "10:28:29 PDT"]
[Termination "NottheBishopSacrifice won by resignation"]

1. e4 c6 2. d4 d5 3. Nc3 dxe4 4. Nxe4 Nf6 5. Nxf6+ exf6 6. c3 Bd6 7. Bd3 O-O 8. Ne2 Re8 9. O-O Nd7 10. f4 Nf8 11. f5 Qc7 12. h3 h6 13. Bf4 Nh7 14. Qd2 Ng5 15. h4 Ne4 16. Bxe4 Rxe4 17. Bxd6 Qxd6 18. Rae1 Bd7 19. Nf4 Rae8 20. g3 Bxf5 21. Rxe4 Bxe4 22. Re1 f5 23. Re3 c5 24. d5 c4 25. Qd4 Rd8 26.
Qxc4 Qb6 27. Qd4 Qxb2 28. d6 Qa1+ 29. Kf2 Qxa2+ 30. Re2 Qa6 31. d7 Qb6 32. Qxb6 axb6 33. Rd2 Kf8 34. Rd6 Ke7 35. Rxb6 Rxd7 36. h5 Rc7 37.
Rb3 Kf6 38. Ke3 Re7 39. Kd4 Rd7+ 40. Kc5 Kg5 41. Ne2 Kxh5 42. Nd4 Kg4 43. Nb5 Kxg3 44.
Nd6 Rxd6 45. Kxd6 h5 46. Ke5 h4 47. c4+ Kg4 48. c5 h3 49. Rb2 Kg3 0-1

[Event "Live Chess"]
[Site "Chess.com"]
[Date "2024.06.01"]
[Round "-"]
[White "viktorskliarov"]
[Black "FlyingChessKestrel13"]
[Result "1-0"]
[WhiteElo "2643"]
[BlackElo "2103"]
[TimeControl "300"]
[EndTime "10:28:37 PDT"]
[Termination "viktorskliarov won by resignation"]

1. e4 e5 2. Nc3 Nf6 3. Bc4 Bc5 4.
d3 d6 5. h3 c6 6. Nge2 b5 7. Bb3 a5 8. a3 O-O 9. Ng3 Qb6 10. O-O b4 11. Na4 Qa7 12. Nxc5 Qxc5 13. Be3 Qb5 14. axb4 Qxb4 15. f4 exf4 16. Rxf4 Qb5 17.
Nf5 Bxf5 18. Rxf5 Qb7 19. Rxf6 gxf6 20. Bh6 Qd7 21. Qe1 Kh8 22. Bxf8 Qe8 23. Bxd6 Nd7 24. Rxa5 1-0

[Event "Live Chess"]
[Site "Chess.com"]
[Date "2024.06.01"]
[Round "-"]
[White "PureDashingOctopus"]
[Black "Crowded_House"]
[Result "1-0"]
[WhiteElo "2228"]
[BlackElo "1750"]
[TimeControl "300"]
[EndTime "10:28:39 PDT"]
[Termination "PureDashingOctopus won by resignation"]

1. e4 e6 2. d4 d5 3. Nd2 dxe4 4.
Nxe4 Bd7 5. Nf3 Bc6 6. Bd3 Nd7 7. O-O Ngf6 8. Nxf6+ Qxf6 9. Be3 Bxf3 10. Qxf3 Qxf3 11. gxf3 Bd6 12. c4 c6 13. Be4 Nf6 14. Rab1 O-O 15. b4 a6 16. a4 Rab8 17. b5 cxb5 18. axb5 axb5 19. Rxb5 Rfc8 20. c5 Nxe4 21. fxe4 Bc7 22. Rfb1 Kf8 23. Rxb7 Rxb7 24. Rxb7 Ke8 25. d5 exd5 26.
exd5 Be5 27. d6 Rd8 28. Re7+ Kf8 29. Rxe5 f6 30. Rd5 Kf7 31. c6 Ke6 32. c7 Rc8 33.
d7 Rxc7 34. d8=Q 1-0

[Event "Live Chess"]
[Site "Chess.com"]
[Date "2024.06.01"]
[Round "-"]
[White "willc-h99"]
[Black "Isambard_Thomas"]
[Result "1-0"]
[WhiteElo "2642"]
[BlackElo "2143"]
[TimeControl "300"]
[EndTime "10:28:48 PDT"]
[Termination "willc-h99 won by resignation"]

1. e3 d5 2. Nf3 Nf6 3. c4 c6 4. Nc3 Bg4 5. Qb3 Bxf3 6. Qxb7 Nbd7 7. gxf3 Qc8 8. Qxc8+ Rxc8 9. b3 e5 10. cxd5 cxd5 11.
Bb2 d4 12. exd4 exd4 13. Ne4 Nxe4 14. fxe4 Bc5 15. f4 Ke7 16. Bd3 h5 17. h4 Nf6 18.
Ke2 Ng4 19. Rac1 Bb6 20. Ba3+ Kd8 21. Rxc8+ Kxc8 22. Rc1+ Kb7 23. Bc4 Re8 24. Kf3 f5 25. e5 Rd8 26. e6 Nf6 27. e7 Rd7 28. Bb5 Rc7 29. Rxc7+ Bxc7 30. e8=Q Nxe8 31. Bxe8 1-0

[Event "Live Chess"]
[Site "Chess.com"]
[Date "2024.06.01"]
[Round "-"]
[White "DJ_Lambton"]
[Black "KyryloPoluliakh"]
[Result "0-1"]
[WhiteElo "1752"]
[BlackElo "1508"]
[TimeControl "300"]
[EndTime "10:28:48 PDT"]
[Termination "KyryloPoluliakh won by resignation"]

1. c4 Nf6 2. g3 g6 3. Bg2 Bg7 4.
Nc3 O-O 5. e3 c5 6. Nge2 Nc6 7.
O-O e6 8. b3 d5 9. cxd5 exd5 10. d4 cxd4 11. Nxd4 Nxd4 12. exd4 Be6 13. Bb2 Rc8 14. Rc1 Qb6 15. Qd2 Rfd8 16. Rfe1 Ne8 17.
Ne2 Nc7 18. Nf4 g5 19. Nxe6 Nxe6 20. Ba3 Bxd4 21. Be7 Rxc1 22. Rxc1 Re8 23. Bxg5 Bxf2+ 24. Kf1 Bd4 25. Bxd5 Qb5+ 26. Bc4 Qxg5 27. Qxg5+ Nxg5 28. Rd1 Bg7 29. Rd7 Nf3 30. Rxf7 Nd2+ 31. Kf2 Nxc4 32.
Rxb7 Nd2 0-1

[Event "Live Chess"]
[Site "Chess.com"]
[Date "2024.06.01"]
[Round "-"]
[White "Larchikov"]
[Black "Pizzaman313"]
[Result "1-0"]
[WhiteElo "1980"]
[BlackElo "1211"]
[TimeControl "300"]
[EndTime "10:28:52 PDT"]
[Termination "Larchikov won by resignation"]

1. d4 f5 2. c4 g6 3. Nc3 Nf6 4. Bg5 Bg7 5. Bxf6 Bxf6 6. e4 d6 7. Nf3 O-O 8. e5 dxe5 9. dxe5 Bg7 10. h4 e6 11. h5 Nc6 12. hxg6 hxg6 13. Qe2 Nd4 14.
Nxd4 Qxd4 15. Nb5 Qxe5 16. O-O-O a6 17. Nd4 Rd8 18. Nf3 Rxd1+ 19. Kxd1 Qxe2+ 20. Bxe2 Bd7 21. Kc1 Bc6 22. Ng5 Bxg2 23. Rg1 Bc6 24. Nxe6 Re8 25.
Rxg6 Re7 26. Bd3 Bd7 27. Bxf5 Bxe6 28. Rxe6 Rf7 29. Re8+ Bf8 30. Be6 1-0

[Event "Live Chess"]
[Site "Chess.com"]
[Date "2024.06.01"]
[Round "-"]
[White "Grace6363"]
[Black "Brooms1989"]
[Result "1-0"]
[WhiteElo "1121"]
[BlackElo "1065"]
[TimeControl "300"]
[EndTime "10:28:57 PDT"]
[Termination "Grace6363 won by resignation"]

1. d4 Nf6 2. c4 g6 3. Nc3 Bg7 4. Nf3 O-O 5. Bg5 d6 6. e4 Nbd7 7. Be2 h6 8. Bh4 g5 9. Bg3 Nh5 10. e5 Nxg3 11. hxg3 f5 12. exf6 Bxf6 13. Rxh6 Kg7 14.
Rh5 1-0

[Event "Live Chess"]
[Site "Chess.com"]
[Date "2024.06.01"]
[Round "-"]
[White "defenderalist"]
[Black "Berdgross"]
[Result "1-0"]
[WhiteElo "1496"]
[BlackElo "592"]
[TimeControl "300"]
[EndTime "10:29:02 PDT"]
[Termination "defenderalist won by resignation"]

1. e4 e5 2. f4 d6 3. Nf3 exf4 4. d4 Bg4 5. Bxf4 Bxf3 6. Qxf3 Nc6 7. c3 Be7 8. Bb5 Qd7 9. d5 Ne5 10. Bxd7+ Nxd7 11. O-O Ngf6 12. Bg5 O-O 13. Bxf6 Bxf6 14. Nd2 Ne5 15. Qg3 a6 16. Rxf6 1-0

[Event "Live Chess"]
[Site "Chess.com"]
[Date "2024.06.01"]
[Round "-"]
[White "DavrosLight"]
[Black "NeilDruggan73"]
[Result "0-1"]
[WhiteElo "764"]
[BlackElo "1752"]
[TimeControl "300"]
[EndTime "10:29:05 PDT"]
[Termination "NeilDruggan73 won by resignation"]

1. e4 d6 2. Nc3 Nf6 3. Nf3 g6 4. Bc4 Bg7 5. O-O Nxe4 6. Nxe4 d5 7. Bxd5 Qxd5 8. Re1 O-O 9. Qe2 Nc6 10. c4 Qd8 11. Neg5 Bg4 12. h3 Bf5 13. Rb1 Bxb1 14. d3 h6 15. Ne4 Qxd3 16. Qxd3 Bxd3 0-1

[Event "Live Chess"]
[Site "Chess.com"]
[Date "2024.06.01"]
[Round "-"]
[White "SergiiA"]
[Black "Zhevzh1k7"]
[Result "1-0"]
[WhiteElo "1551"]
[BlackElo "1083"]
[TimeControl "300"]
[EndTime "10:29:06 PDT"]
[Termination "SergiiA won by resignation"]

1. c4 Nf6 2. Nc3 e6 3. d4 d5 4. Nf3 Nc6 5. Bg5 Be7 6. e3 O-O 7. Bd3 dxc4 8. Bxc4 Na5 9. Bd3 Nd5 10. Nxd5 exd5 11.
Bxe7 Qxe7 12. h3 Be6 13. O-O c5 14. dxc5 Qxc5 15. a3 Nc6 16. b4 Qb6 17. Rc1 Rac8 18. Ng5 h6 19. Nf3 d4 20. exd4 Nxd4 21. Bh7+ Kxh7 22.
Qxd4 Qxd4 23. Nxd4 Rxc1 24. Rxc1 Rd8 25. Nxe6 fxe6 26. Rc7 Rb8 27. Re7 b5 28. Rxe6 Rd8 29. Ra6 Rd1+ 30. Kh2 Rd7 31. g4 g6 32. f3 h5 33.
gxh5 gxh5 34. Kg3 Rg7+ 35. Kh4 Rf7 36. Kg3 Rg7+ 37. Kf2 h4 38. f4 Rg3 39. Rxa7+ Kg6 40. Ra5 Rxh3 41. Rxb5 Rxa3 42. Rg5+ Kf6 43. b5 Rb3 44. Rh5 h3 45. Kg1 h2+ 46. Kxh2 Kg6 47. Re5 Kf6 48. Rc5 Ke6 49. Kg2 Kd6 50. Rg5 Kc7 51. Re5 Kb6 52. f5 Kc7 53. f6 Rb4 54.
Rf5 Kd7 55. f7 Rb2+ 56. Kf3 Rb4 57. f8=Q Rb3+ 58. Kg4 Rb4+ 59. Qxb4 1-0

[Event "Live Chess"]
[Site "Chess.com"]
[Date "2024.06.01"]
[Round "-"]
[White "Sacbutt"]
[Black "Bob2pen"]
[Result "1/2-1/2"]
[WhiteElo "2367"]
[BlackElo "1858"]
[TimeControl "300"]
[EndTime "10:29:20 PDT"]
[Termination "Game drawn by repetition"]

1. d4 Nf6 2. c4 c5 3. d5 e6 4. Nc3 exd5 5. cxd5 d6 6. e4 g6 7. h3 Bg7 8. Nf3 O-O 9. Bd3 b5 10.
Bxb5 Nxe4 11. Nxe4 Qa5+ 12. Nc3 Bxc3+ 13. bxc3 Qxb5 14. Qe2 Qxe2+ 15. Kxe2 Ba6+ 16. Kd1 Nd7 17. Kc2 Rfe8 18. Be3 Nb6 19. Rad1 Nc4 20. Rhe1 Rab8 21. Bc1 Kf8 22. Ng5 h6 23. Ne4 f5 24. Bxh6+ Kf7 25. Ng5+ Kg8 26. Rxe8+ Rxe8 27. Ne6 Rb8 28. Bc1 Ne5 29.
f4 Nc4 30. g4 Rb5 31. Nc7 Ra5 32.
Nxa6 Rxa6 33. Kb1 Na3+ 34. Bxa3 Rxa3 35. Kb2 Ra4 36. Rf1 Re4 37. Rf3 Kf7 38. Kb3 Kf6 39.
c4 Rd4 40. Kc3 Re4 41. a4 a5 42. Kd3 Rd4+ 43. Kc3 Re4 44. g5+ Ke7 45. h4 Kf7 46.
Kd3 Rd4+ 47. Kc3 Re4 48. Kd3 Rd4+ 49. Kc3 Re4 1/2-1/2

[Event "Live Chess"]
[Site "Chess.com"]
[Date "2024.06.01"]
[Round "-"]
[White "elephantgerrald"]
[Black "hapehansen"]
[Result "0-1"]
[WhiteElo "756"]
[BlackElo "2245"]
[TimeControl "300"]
[EndTime "10:29:20 PDT"]
[Termination "hapehansen won by checkmate"]

1. e4 d5 2. exd5 Qxd5 3. Nc3 Qa5 4. d4 Nf6 5. Nf3 c6 6. Bf4 Bf5 7. Bd3 e6 8. Bxf5 Qxf5 9. O-O Qxf4 10. Ne5 Nbd7 11.
d5 Qxe5 12. dxe6 fxe6 13. Re1 Qf5 14. g4 Qxg4+ 15. Qxg4 Nxg4 16. Rxe6+ Kf7 17. Re4 Ngf6 18. Rf4 Bd6 19. Rf3 Rhe8 20. Kg2 Be5 21. Ne4 Kg8 22.
Nd6 Bxd6 23. h3 Ne5 24. Re3 Nd5 25. Rg3 Nf4+ 26. Kf1 Rad8 27. Re1 Nc4 28. Rxe8+ Rxe8 29. b3 Nd2+ 30. Kg1 Re1+ 31. Kh2 Nd5 32. Kg2 Bxg3 33. Kxg3 Ra1 34. Kg4 Rxa2 35. Kf5 Rxc2 36. Ke6 Nxb3 37.
Kd7 Nc5+ 38. Kc8 Rxf2 39. Kb8 a5 40. Ka7 a4 41. Kb8 a3 42. Kc8 Rf8# 0-1

[Event "Live Chess"]
[Site "Chess.com"]
[Date "2024.06.01"]
[Round "-"]
[White "sshamil"]
[Black "jimwad"]
[Result "1-0"]
[WhiteElo "1686"]
[BlackElo "1241"]
[TimeControl "300"]
[EndTime "10:29:24 PDT"]
[Termination "sshamil won by resignation"]

1. e4 e5 2. f4 exf4 3. Nf3 g5 4. Bc4 Nf6 5. Nc3 d6 6. O-O Bg4 7. Re1 Nc6 8. h3 Bh5 9. e5 dxe5 10. d4 Bxf3 11. Qxf3 Qxd4+ 12. Kh1 O-O-O 13. Bxf7 Bd6 14. b3 h5 15. Bb2 Qb6 16. Na4 Qa6 17. Bc4 Qa5 18.
a3 b5 19. Bc3 b4 20. Qxc6 bxc3 21. Ba6+ Qxa6 22. Qxa6+ Kd7 23. Qb5+ Ke7 24. Nc5 g4 25.
Ne4 Nxe4 26. Rxe4 gxh3 27. gxh3 Rhg8 28. Rae1 Rg5 29. Rxe5+ Rxe5 30. Rxe5+ Bxe5 31. Qxe5+ Kd7 32. Qf5+ Kc6 33. Qe4+ 1-0

[Event "Live Chess"]
[Site "Chess.com"]
[Date "2024.06.01"]
[Round "-"]
[White "LL220284LL"]
[Black "WilliamofOrange16th"]
[Result "1-0"]
[WhiteElo "2582"]
[BlackElo "1949"]
[TimeControl "300"]
[EndTime "10:29:33 PDT"]
[Termination "LL220284LL won by resignation"]

1. e3 d6 2. b3 e5 3. Bb2 f5 4. Ne2 Nf6 5. d3 Be6 6. c4 Nbd7 7. Nbc3 g6 8. Qc2 Bg7 9. h4 h5 10. g3 c6 11. Bg2 Rc8 12. d4 O-O 13. dxe5 dxe5 14. Rd1 Qe7 15. Qc1 Rfd8 16. Ba3 Qf7 17.
O-O e4 18. Nf4 Ne5 19. Na4 b6 20. Nc3 Nfg4 21. Nce2 Nf3+ 22. Kh1 c5 23. Bxf3 exf3 24. Ng1 Ne5 25. Bb2 Qe7 26. Bxe5 Bxe5 27. Nxg6 1-0

[Event "Live Chess"]
[Site "Chess.com"]
[Date "2024.06.01"]
[Round "-"]
[White "MellowAesthetic"]
[Black "McFim"]
[Result "1-0"]
[WhiteElo "2068"]
[BlackElo "1588"]
[TimeControl "300"]
[EndTime "10:29:36 PDT"]
[Termination "MellowAesthetic won by resignation"]

1. e4 c6 2. d4 d5 3. exd5 cxd5 4.
c4 Nf6 5. Nc3 e6 6. Nf3 Be7 7.
c5 b6 8. Bb5+ Bd7 9. Bxd7+ Qxd7 10. Ne5 Qc8 11. Qa4+ Nfd7 12. cxb6 O-O 13. bxa7 Nxe5 14.
dxe5 Nc6 15. Be3 d4 16. Bxd4 Nxd4 17. Qxd4 Rxa7 18. Qxa7 1-0

[Event "Live Chess"]
[Site "Chess.com"]
[Date "2024.06.01"]
[Round "-"]
[White "Duke_of_Bebington"]
[Black "Bradfield133"]
[Result "1-0"]
[WhiteElo "1623"]
[BlackElo "1991"]
[TimeControl "300"]
[EndTime "10:29:42 PDT"]
[Termination "Duke_of_Bebington won on time"]

1. e4 c5 2. c3 d5 3. exd5 Qxd5 4.
d4 Nc6 5. dxc5 Qxc5 6. Nf3 Nf6 7.
Bd3 Bg4 8. h3 Bh5 9. Be3 Qa5 10.
Nbd2 e6 11. Qb3 Qc7 12. O-O Be7 13. Rad1 O-O 14. Rfe1 Rfd8 15. Bc4 Na5 16. Qa4 Bxf3 17. gxf3 Nxc4 18. Qxc4 Qxc4 19. Nxc4 Nd5 20. Nd2 b6 21. a3 Rac8 22. Ne4 Nxe3 23. fxe3 f5 24. Nf2 Kf7 25.
Nd3 Bf6 26. Nf4 Rxd1 27. Rxd1 Rd8 28. Rxd8 Bxd8 29. Kf2 Bc7 30. Nd3 e5 31. Nb4 Ke6 32. e4 fxe4 33. fxe4 Bd6 34. Nd5 Bc5+ 35. Kf3 a5 36. b4 axb4 37. cxb4 Bd4 38. a4 h5 39. Nc7+ Kd7 40. Nd5 Ke6 41. a5 1-0

[Event "Live Chess"]
[Site "Chess.com"]
[Date "2024.06.01"]
[Round "-"]
[White "CennyddB"]
[Black "AlexanderMatlak"]
[Result "0-1"]
[WhiteElo "1132"]
[BlackElo "2500"]
[TimeControl "300"]
[EndTime "10:29:49 PDT"]
[Termination "AlexanderMatlak won by resignation"]

1. d4 Nf6 2. Nf3 c5 3. d5 e6 4. c4 exd5 5. cxd5 d6 6. Nc3 g6 7.
Bg5 Bg7 8. e3 O-O 9. Be2 h6 10.
Bh4 Re8 11. O-O a6 12. a4 Bf5 13. Qb3 Qc7 14. a5 Nbd7 15. Nd2 g5 16. Bg3 Ne5 17.
Bxe5 Rxe5 18. Nc4 Ree8 19. Nb6 Rad8 20. Bd1 Ne4 21. Bc2 Bg6 22. Nxe4 Bxe4 23. Bxe4 Rxe4 24. Qd3 Rb4 25. b3 Bxa1 26. Rxa1 Qe7 27. Nc4 Qf6 28. Re1 Kg7 29. e4 Re8 30. f3 h5 31. Rf1 h4 32. Ne3 Kg8 33. f4 Qd4 34. Qxd4 cxd4 35.
Nf5 Rd8 36. fxg5 d3 37. Rd1 Rxe4 38. Nxh4 Rxh4 39. Rxd3 Rg4 40. Rf3 Rxg5 41. h4 Rxd5 42. Rg3+ Kf8 0-1

[Event "Live Chess"]
[Site "Chess.com"]
[Date "2024.06.01"]
[Round "-"]
[White "Rusty_Bridges"]
[Black "Cruiseylee78"]
[Result "0-1"]
[WhiteElo "1486"]
[BlackElo "1656"]
[TimeControl "300"]
[EndTime "10:29:54 PDT"]
[Termination "Cruiseylee78 won by resignation"]

1. e4 d6 2. d4 Nd7 3. c4 e5 4. d5 h6 5. Nc3 Ngf6 6. Be3 c6 7. Nf3 Be7 8. Bd3 Qc7 9. O-O g5 10. g3 Rg8 11. Rc1 g4 12. Nh4 h5 13. Nf5 Nf8 14.
Qd2 Bxf5 15. exf5 N6h7 16. Ne4 Qd8 17. b4 Ng5 18. Nxg5 Bxg5 19. b5 c5 20. a4 Nd7 21.
Ra1 Nf6 22. a5 e4 23. Bc2 Qd7 24. Bxg5 Qxf5 25. Bxf6 Qxf6 26. Bxe4 O-O-O 27. Rfe1 h4 28. Qf4 Qg7 29. Bf5+ Kb8 30. Qxd6+ Rxd6 31. Re2 Qxa1+ 0-1

[Event "Live Chess"]
[Site "Chess.com"]
[Date "2024.06.01"]
[Round "-"]
[White "TigerTank70"]
[Black "jumush"]
[Result "1-0"]
[WhiteElo "2180"]
[BlackElo "1738"]
[TimeControl "300"]
[EndTime "10:29:55 PDT"]
[Termination "TigerTank70 won by resignation"]

1. e4 d5 2. exd5 Qxd5 3. d4 Nc6 4. Nf3 Bg4 5. Be2 O-O-O 6. c4 Qf5 7. Be3 e6 8. Nbd2 Nf6 9. h3 Bxf3 10. Nxf3 Bb4+ 11. Kf1 Rhe8 12. a3 Bf8 13. Bd3 Qh5 14. Kg1 h6 15. g4 Nxg4 16. hxg4 Qxg4+ 17. Kf1 g5 18. Ne1 Qxd1 19. Rxd1 Nxd4 20. Be4 Nb3 21. Rxd8+ Rxd8 22. Bc2 Nd4 23. Bb1 f5 24. Nd3 f4 25. Bxd4 Rxd4 26.
b3 c5 27. Ke2 Kc7 28. Ne5 Bg7 29. Ng4 e5 30. Nxh6 e4 31. Nf5 Rd7 32. Nxg7 Rxg7 33.
Bxe4 Re7 34. Rh7 Rxh7 35. Bxh7 Kd6 36. Be4 b6 37. f3 Ke5 38. Kd3 Kd6 39. Bb7 Ke5 40.
a4 a5 41. Ba8 1-0

[Event "Live Chess"]
[Site "Chess.com"]
[Date "2024.06.01"]
[Round "-"]
[White "Velocity"]
[Black "Hazban"]
[Result "0-1"]
[WhiteElo "1719"]
[BlackElo "2040"]
[TimeControl "300"]
[EndTime "10:30:11 PDT"]
[Termination "Hazban won by resignation"]

1. e4 c6 2. d4 d5 3. Nd2 a6 4.
Ngf3 Bg4 5. Be2 e6 6. h3 Bxf3 7. Bxf3 dxe4 8. Nxe4 Nd7 9. Bf4 Ndf6 10. Ng3 Ne7 11. c3 Ng6 12. Be5 Be7 13. Bxf6 Bxf6 14. O-O O-O 15. Re1 Nh4 16. Be2 Qd5 17. Bf1 Rad8 18. Ne2 c5 19. dxc5 Qxc5 20. Qb3 b5 21. Rad1 Nf5 22. Rxd8 Rxd8 23. Rd1 Rc8 24. Nf4 h6 25.
Nd3 Qa7 26. Nb4 Ng3 27. Bd3 Nh5 28. Be2 Nf4 29. Bf3 a5 30. Nd3 Nxd3 31. Rxd3 Qc5 32.
Qd1 b4 33. cxb4 Qxb4 34. b3 Qa3 35. Rd2 Rc1 0-1

[Event "Live Chess"]
[Site "Chess.com"]
[Date "2024.06.01"]
[Round "-"]
[White "ProfPoisson"]
[Black "viktor_forever1994"]
[Result "1-0"]
[WhiteElo "1244"]
[BlackElo "1392"]
[TimeControl "300"]
[EndTime "10:30:12 PDT"]
[Termination "ProfPoisson won by checkmate"]

1. e4 e5 2. Nf3 Nc6 3. d4 exd4 4. Bc4 d6 5. Nxd4 Nxd4 6. Qxd4 Qf6 7. Qe3 a6 8. Nc3 Be6 9. Bxe6 Qxe6 10. Nd5 O-O-O 11. O-O Ne7 12. c4 g6 13. b3 Nc6 14. Bb2 Rg8 15. b4 Ne5 16. Bxe5 Qxe5 17. Qa7 Kd7 18. Qxb7 Rc8 19.
Nb6+ Ke6 20. Qxc8+ Ke7 21. Qd7+ Kf6 22. Nd5+ Kg7 23.
Qg4 h5 24. Qf4 Qd4 25. Rad1 Qb2 26. e5 dxe5 27. Qf6+ Kh6 28. h4 Bd6 29. Qg5+ Kg7 30. Qf6+ Kf8 31. Qd8+ Kg7 32. Qf6+ Kf8 33. c5 Be7 34.
Qxe7+ Kg7 35. Qf6+ Kf8 36. Nxc7 Qxb4 37. Rd8# 1-0

[Event "Live Chess"]
[Site "Chess.com"]
[Date "2024.06.01"]
[Round "-"]
[White "Ksenia_2013"]
[Black "A3ndrey9"]
[Result "0-1"]
[WhiteElo "769"]
[BlackElo "1261"]
[TimeControl "300"]
[EndTime "10:30:16 PDT"]
[Termination "A3ndrey9 won by checkmate"]

1. e4 c6 2. Bc4 d5 3. exd5 cxd5 4. Bb5+ Bd7 5. Qe2 Bxb5 6. Qxb5+ Qd7 7. Qxd7+ Nxd7 8.
Nf3 Ngf6 9. Ne5 Nxe5 10. d4 Nc6 11. Bf4 Nxd4 12. Nc3 Nxc2+ 13. Kd1 Nxa1 14. Nb5 Rc8 15. Nxa7 Rc4 16. Be3 Ne4 17. f3 Nf6 18. Ke2 Nc2 19.
Rc1 Nd4+ 20. Kd2 Rxc1 21. Kxc1 e5 22. Bxd4 exd4 23. Nc8 Bc5 24. Kd2 O-O 25. a3 Rxc8 26.
b4 Bxb4+ 27. axb4 b5 28. Kd3 Rc4 29. g4 Rxb4 30. g5 Nh5 31. h4 Nf4+ 32. Kc2 h6 33.
gxh6 g6 34. Kd1 Kh7 35. Ke1 Kxh6 36. Kf2 Kh5 37. Kg3 g5 38. Kh2 gxh4 39. Kg1 h3 40. Kh2 Kh4 41. Kh1 Rb2 42. Kg1 h2+ 43. Kh1 Ne2 44. f4 Ng3# 0-1

[Event "Live Chess"]
[Site "Chess.com"]
[Date "2024.06.01"]
[Round "-"]
[White "seasidecastle27"]
[Black "peteopeteo"]
[Result "1-0"]
[WhiteElo "1951"]
[BlackElo "1608"]
[TimeControl "300"]
[EndTime "10:30:27 PDT"]
[Termination "seasidecastle27 won by checkmate"]

1. d4 f5 2. Bg5 d5 3. e3 Nd7 4. Nf3 Ngf6 5. Ne5 e6 6. Nd2 Be7 7. Bd3 Nxe5 8. dxe5 Ne4 9. Bxe7 Qxe7 10. Qe2 O-O 11. O-O-O c5 12. Bxe4 fxe4 13. f4 exf3 14. gxf3 b6 15. f4 Bb7 16. Rhg1 a6 17. Rg3 Rf7 18.
Rdg1 d4 19. e4 b5 20. Nf3 Rxf4 21. Rxg7+ Qxg7 22. Rxg7+ Kxg7 23. Qg2+ Kh8 24. Ng5 Rg8 25. h4 Bxe4 26. Qh2 Rf1+ 27. Kd2 Bg6 28. Nxe6 Re8 29. Nxc5 Rf5 30. Nd3 Rf3 31. Qg2 Ref8 32. Qg5 R3f5 33. Qe7 R5f7 34. Qc5 Bxd3 35. Kxd3 Rf3+ 36. Kxd4 R3f4+ 37.
Kd5 Rxh4 38. Qxf8# 1-0

[Event "Live Chess"]
[Site "Chess.com"]
[Date "2024.06.01"]
[Round "-"]
[White "RuslanChessN"]
[Black "MagnersCarlsberg2870"]
[Result "1/2-1/2"]
[WhiteElo "1958"]
[BlackElo "1882"]
[TimeControl "300"]
[EndTime "10:30:28 PDT"]
[Termination "Game drawn by repetition"]

1. d4 Nf6 2. c4 e5 3. dxe5 Ne4 4. Qd4 Nc5 5. Nf3 Nc6 6. Qd1 d6 7. exd6 Bxd6 8. Nc3 Bf5 9. Bg5 f6 10. Be3 Qe7 11.
Bxc5 Bxc5 12. e3 Rd8 13. Qa4 O-O 14. Be2 Nb4 15. O-O Bc2 16. b3 Bd3 17. Rfd1 Bxe2 18. Nxe2 Rxd1+ 19. Rxd1 Rd8 20. Ned4 Nc2 21. Rd2 Nxd4 22.
exd4 Rxd4 23. Rxd4 Bxd4 24. Qa5 Qe4 25. h3 Qc2 26. Qd5+ Kf8 27. Nxd4 Qc1+ 28. Kh2 Qf4+ 29. Kg1 Qc1+ 30. Kh2 Qf4+ 31. Kg1 Qc1+ 1/2-1/2

[Event "Live Chess"]
[Site "Chess.com"]
[Date "2024.06.01"]
[Round "-"]
[White "nigelst"]
[Black "DoctorMantisTobogganMD"]
[Result "0-1"]
[WhiteElo "1713"]
[BlackElo "2199"]
[TimeControl "300"]
[EndTime "10:30:43 PDT"]
[Termination "DoctorMantisTobogganMD won by resignation"]

1. e4 c6 2. d4 g6 3. Nc3 Bg7 4. f4 d5 5. e5 h5 6. Nf3 Bg4 7. h3 Bxf3 8. Qxf3 e6 9. Be3 h4 10.
O-O-O Nd7 11. g3 hxg3 12. Qxg3 Qh4 13. Bf2 Qxg3 14. Bxg3 Nh6 15. Bd3 a6 16. Rdf1 c5 17. Bf2 cxd4 18. Bxd4 Bf8 19. h4 Nf5 20. Bxf5 gxf5 21.
Rfg1 Bh6 22. Rf1 Rc8 23. Kd2 Rc4 24. Kd3 Nc5+ 25. Bxc5 Rxc5 26. Ne2 Rc4 27. c3 b5 28. a3 Rg8 29. Rh3 Rg4 30. b3 Re4 31. Ng3 Rexf4 32.
Rxf4 Rxf4 33. Nh5 Rf1 34. Nf6+ Ke7 35. Ng8+ Kf8 36. Nxh6 Kg7 37. Nxf5+ Rxf5 38. Rg3+ Kh6 39. Rg4 Rxe5 40. a4 Kh5 41. Rf4 f5 42. axb5 axb5 43.
Rb4 Re1 44. Rxb5 Kxh4 45. Rb6 f4 46. Rb8 f3 47. Rf8 Kg3 48. Rg8+ Kh3 49. Rf8 Kg2 50. Rg8+ Kf1 51. c4 dxc4+ 52. bxc4 f2 53. c5 Rc1 54. Re8 Kg2 55. Rg8+ Kh3 56. Rf8 f1=Q+ 0-1

[Event "Live Chess"]
[Site "Chess.com"]
[Date "2024.06.01"]
[Round "-"]
[White "DukeBG"]
[Black "road2gm5000"]
[Result "0-1"]
[WhiteElo "462"]
[BlackElo "1061"]
[TimeControl "300"]
[EndTime "10:31:05 PDT"]
[Termination "road2gm5000 won by resignation"]

1. Nf3 d5 2. d4 Bg4 3. h3 Bh5 4.
g4 Bg6 5. h4 Nf6 6. h5 Be4 7. Ng5 Bxh1 8. f3 h6 9. Nh3 e6 10. Nf4 Bd6 11. Bg2 Bxg2 12. Nxg2 Bg3+ 13. Kf1 Qd6 14. Nc3 Bh2 15. Nb5 Qb6 16. Bf4 Na6 17.
Bxh2 Qxb5 18. Qd3 Qxb2 19. e4 Qxa1+ 0-1

[Event "Live Chess"]
[Site "Chess.com"]
[Date "2024.06.01"]
[Round "-"]
[White "powerchs"]
[Black "Inglaterra"]
[Result "0-1"]
[WhiteElo "1254"]
[BlackElo "2036"]
[TimeControl "300"]
[EndTime "10:31:07 PDT"]
[Termination "Inglaterra won by resignation"]

1. e4 e5 2. Nf3 Nc6 3. Bb5 a6 4. Ba4 Nf6 5. O-O Be7 6. Re1 b5 7. Bb3 d6 8. c3 O-O 9. Bc2 Re8 10. h3 Bb7 11. d3 Bf8 12. Nbd2 g6 13. Nf1 Bg7 14. Ne3 d5 15. exd5 Nxd5 16. Nxd5 Qxd5 17. d4 exd4 18. cxd4 Nxd4 19. Rxe8+ Rxe8 20. Bb3 Nxf3+ 21. Qxf3 Re1+ 22. Kh2 Be5+ 23. g3 Qxf3 0-1

[Event "Live Chess"]
[Site "Chess.com"]
[Date "2024.06.01"]
[Round "-"]
[White "Tatarinov_Maxim"]
[Black "dl_chess"]
[Result "1-0"]
[WhiteElo "2298"]
[BlackElo "1170"]
[TimeControl "300"]
[EndTime "10:31:14 PDT"]
[Termination "Tatarinov_Maxim won on time"]

1. Nf3 Nf6 2. g3 g6 3. Bg2 Bg7 4. O-O d6 5. c4 O-O 6. d4 Nc6 7. d5 Nb8 8. Nc3 e6 9. dxe6 Bxe6 10. Nd4 Bd7 11. Bxb7 c5 12. Ndb5 Nc6 13. Bxa8 Qxa8 14. Qxd6 Bh3 15. Nd5 Nxd5 16. cxd5 Nd4 17. Nxd4 Bxd4 18.
Bg5 Qe8 19. Bh6 Bg7 20. Bxg7 Kxg7 21. Qxc5 Bxf1 22. Kxf1 Qd7 23. Qd4+ Kg8 24. d6 Re8 25. e3 Re6 26. Rd1 Kf8 27. b3 f6 28. Qd5 Re5 29.
Qa8+ Kf7 30. Qf3 Ra5 31. a4 Ra6 32. Qd5+ 1-0

[Event "Live Chess"]
[Site "Chess.com"]
[Date "2024.06.01"]
[Round "-"]
[White "Berdgross"]
[Black "Zhevzh1k7"]
[Result "0-1"]
[WhiteElo "591"]
[BlackElo "1084"]
[TimeControl "300"]
[EndTime "10:31:20 PDT"]
[Termination "Zhevzh1k7 won by resignation"]

1. e4 c6 2. d3 d5 3. Nf3 dxe4 4. dxe4 Qxd1+ 5. Kxd1 Bg4 6. h3 Bxf3+ 7. gxf3 Nd7 8. Nc3 O-O-O 9. a3 Ne5+ 10. Ke2 Nf6 11. f4 Nc4 12. Ke1 e5 13. Bxc4 exf4 14. Bxf7 Bc5 15. Bxf4 Rhf8 16. Be6+ Nd7 17. Bxd7+ Rxd7 18. Rd1 Rxf4 19. Rxd7 Kxd7 20. Rg1 Bxf2+ 21. Ke2 Bxg1 0-1